 Dungeon Crawl Stone Soup version 0.23.2-1-ga50397a6bc (webtiles) character file.

Game seed: 17000945470695235459

735 Norn the Caller (level 7, -1/47 HPs)
             Began as an Octopode Ice Elementalist on May 4, 2019.
             Was an Initiate of Vehumet.
             Slain by a sky beast (5 damage)
             ... on level 5 of the Dungeon.
             The game lasted 00:14:23 (5852 turns).

Norn the Caller (Octopode Ice Elementalist)         Turns: 5852, Time: 00:14:23

Health: -1/47      AC:  1    Str: 11    XL:     7   Next: 74%
Magic:  3/10       EV: 15    Int: 19    God:    Vehumet [......]
Gold:   278        SH:  0    Dex: 12    Spells: 3/10 levels left

rFire    . . .     SeeInvis .   (no weapon)
rCold    . . .     Gourm    .   (no shield)
rNeg     . . .     Faith    .   (helmet restricted)
rPois    .         Spirit   .   (no amulet)
rElec    .         Reflect  .   l - ring of protection from magic
rCorr    .         Harm     .   p - +3 ring of strength
MR       +....                  (no ring)
Stlth    +++.......             (no ring)
HPRegen  0.15/turn              (no ring)
MPRegen  0.12/turn              (no ring)
                                (no ring)
                                (no ring)

@: no status effects
A: almost no armour, stealthy swim, amphibious, 8 rings, constrict 8, camouflage
1, gelatinous body 1
a: Renounce Religion


You were on level 5 of the Dungeon.
You worshipped Vehumet.
Vehumet was noncommittal.
You were not hungry.

You visited 2 branches of the dungeon, and saw 6 of its levels.

You collected 278 gold pieces.

Inventory:

Armour
 k - a +0 buckler
   (You found it on level 2 of the Dungeon)
Jewellery
 l - a ring of protection from magic (left tentacle)
   (You found it on level 4 of the Dungeon)
 p - a +3 ring of strength (right tentacle)
   (You found it on level 4 of the Dungeon)
Wands
 x - a wand of acid (4)
   (You found it on level 4 of the Dungeon)
Scrolls
 b - a scroll of enchant armour {unknown}
 g - 2 scrolls of remove curse {@r2}
 h - a scroll of fog {unknown}
 i - 2 scrolls of fear {unknown}
 j - 3 scrolls of identify {unknown}
 m - a scroll of immolation {unknown}
 o - a scroll of amnesia {unknown}
 q - a scroll of teleportation {unknown}
 r - a scroll of enchant weapon {unknown}
 s - a scroll of magic mapping {unknown}
Potions
 a - 2 potions of resistance {unknown}
 c - 3 potions of lignification {unknown}
 d - 2 potions of curing {unknown}
 f - a potion of brilliance {unknown}
 n - 2 potions of heal wounds {unknown}
Comestibles
 e - 11 rations {!d}
 t - 4 chunks of flesh


   Skills:
 + Level 3.9 Fighting
 + Level 4.5 Dodging
 - Level 2.6 Stealth
 - Level 2.0 Spellcasting
 - Level 1.0 Conjurations
 - Level 5.0 Summonings
 - Level 4.0 Ice Magic


You had 3 spell levels left.
You knew the following spells:

 Your Spells              Type           Power        Failure   Level  Hunger
a - Freeze                Ice            ###.         3%          1    #......
d - Summon Ice Beast      Ice/Summ       ###.....     26%         4    #####..
x - Throw Frost           Conj/Ice       ##....       9%          2    ###....

Your spell library contained the following spells:

 Spells                   Type           Power        Failure   Level  Hunger
 Ozocubu's Armour         Chrm/Ice       #.......     22%         3    ###....
 Throw Icicle             Conj/Ice       ##......     52%         4    #####..


Dungeon Overview and Level Annotations

Branches:
Dungeon (5/15)             Temple (1/1) D:5

Altars:
Ashenzari
Cheibriados
Dithmenos
Fedhas
Gozag
Hepliaklqana
Makhleb
Nemelex Xobeh
Okawaru
Qazlal
Ru
Trog
Uskayaw
Vehumet
Wu Jian
Xom
Yredelemnul
Zin
The Shining One

Annotations:
D:3 Grinder


Innate Abilities, Weirdness & Mutations

You cannot wear most types of armour.
You are very stealthy in the water. (Stealth+)
You are amphibious.
You can wear up to eight rings at the same time.
You can use your tentacles to constrict eight enemies at once.
Your skin changes colour to match your surroundings (Stealth+).
Your rubbery body absorbs attacks. (AC +1, EV +1)


Message History

Aim: a water moccasin You freeze the water moccasin.
An orc comes into view.
The water moccasin bites you.
Aim: a water moccasin (moderately wounded)
You freeze the water moccasin! The water moccasin misses you.
The water moccasin bites you!
* * * LOW HITPOINT WARNING * * *
Aim: a water moccasin (heavily wounded)
The bolt of acid hits the water moccasin!
The water moccasin is splashed with acid.
The acid corrodes the water moccasin!
You kill the water moccasin!
Vehumet accepts your kill.
Training target 5.0 for Summonings reached!
Your Summonings skill increases to level 5!
The bolt of acid hits the orc!
The orc is splashed with acid!
You kill the orc!
Vehumet accepts your kill.
Your magical contamination has completely faded away.
You see here an adder corpse.
There is an escape hatch in the ceiling here.
The sky beast hits you.
* * * LOW HITPOINT WARNING * * *
The sky beast shocks you.
* * * LOW HITPOINT WARNING * * *
The sky beast flickers out of sight!
Deactivating autopickup; reactivate with Ctrl-A.
An orc comes into view. It is wielding a +0 short sword.
An orc comes into view. It is wielding a +0 mace.
An orc priest comes into view. It is wielding a +0 short sword.
An orc comes into view. It is wielding a +0 short sword.
The orc priest shouts!
The orc shouts!
Something hits you.
* * * LOW HITPOINT WARNING * * *
Something shocks you.
* * * LOW HITPOINT WARNING * * *
The orc priest mumbles some strange prayers to Beogh against you.
You resist with some effort.
The orc shouts!
A sky beast appears from thin air!
Reactivating autopickup.
The orc priest invokes the aid of Beogh against you.
You resist with some effort.
There is an escape hatch in the ceiling here.
Really go through this one-way escape hatch?
The sky beast hits you.
* * * LOW HITPOINT WARNING * * *
The sky beast shocks you.
You die...

....#.....##............
.............##......#
............###....[#
............#....)..#
.................)..#
........^.......†...#
..............o.....#..
...........o..o..#......
....#......##.#Y@#..#...
#...........#.#....##....
..#..#..#..........# ###
.##........##..........
.##..####..............
.....####...#...........
...#.##.....#...#######.
...#............#
.........##.#...#


You could see a sky beast, an orc priest and 2 orcs.

Vanquished Creatures
  A water moccasin (D:5)
  An ice beast (D:5)
  An ogre (D:4)
  A howler monkey (D:5)
  A crimson imp (D:4)
  A bullfrog zombie (D:5)
  A hound (D:4)
  3 worker ants
  Terence (D:3)
  Natasha (D:3)
  An orc wizard (D:4)
  8 adders
  A howler monkey skeleton (D:4)
  A worm (D:2)
  An adder skeleton (D:4)
  4 dart slugs
  2 leopard geckos
  12 orcs
  3 ball pythons
  2 giant cockroaches
  6 hobgoblins
  6 jackals
  7 kobolds
  3 bats
  5 frilled lizards
  6 goblins
  A leopard gecko skeleton (D:4)
  A quokka skeleton (D:5)
  7 rats
89 creatures vanquished.

Notes
Turn   | Place    | Note
-------+----------+-------------------------------------------
     0 | D:1      | Norn the Octopode Ice Elementalist began the quest for the
                  | Orb.
     0 | D:1      | Reached XP level 1. HP: 11/11 MP: 3/3
   485 | D:1      | Reached XP level 2. HP: 18/18 MP: 5/5
   657 | D:1      | Learned a level 2 spell: Throw Frost
   888 | D:1      | Reached skill level 1 in Fighting
  1324 | D:2      | Reached XP level 3. HP: 23/23 MP: 2/6
  1662 | D:2      | Reached XP level 4. HP: 24/28 MP: 2/7
  1714 | D:2      | Learned a level 4 spell: Summon Ice Beast
  2401 | D:3      | Noticed Terence
  2405 | D:3      | Killed Terence
  2405 | D:3      | Reached skill level 1 in Summonings
  2490 | D:3      | Noticed Grinder
  2738 | D:3      | Found an iron altar of Okawaru.
  2738 | D:3      | Noticed Natasha
  2831 | D:3      | Killed Natasha
  2831 | D:3      | Reached XP level 5. HP: 31/34 MP: 1/8
  3132 | D:4      | Noticed an ogre
  3292 | D:3      | Reached skill level 2 in Summonings
  3533 | D:4      | Found a snail-covered altar of Cheibriados.
  3592 | D:4      | Killed an ogre
  3592 | D:4      | Reached XP level 6. HP: 41/41 MP: 0/9
  3813 | D:4      | Reached skill level 3 in Summonings
  3929 | D:4      | Found a sacrificial altar of Ru.
  4584 | D:5      | Entered Level 5 of the Dungeon
  4584 | D:5      | Found a staircase to the Ecumenical Temple.
  4782 | Temple   | Entered the Ecumenical Temple
  4938 | Temple   | Became a worshipper of Vehumet
  5009 | D:5      | Reached skill level 4 in Summonings
  5009 | D:5      | Reached XP level 7. HP: 4/46 MP: 3/10
  5828 | D:5      | Reached skill level 5 in Summonings
  5852 | D:5      | Slain by a sky beast

Skill      XL: |  1  2  3  4  5  6  7 |
---------------+----------------------+-----
Fighting       | 1 2 3 |  3.9
Ice Magic      | 4 |  4.0
Summonings     | 1 2 4 5 |  5.0
Dodging        | 3 4 |  4.5
Stealth        | |  2.6
Spellcasting   | |  2.0
Conjurations   | |  1.0

Action                   |  1- 3 |  4- 6 |  7- 9 || total
-------------------------+-------+-------+-------++-------
Melee: Unarmed           |     9 |    14 |     1 ||    24
       Constrict         |     5 |     6 |       ||    11
       Tentacles         |     3 |     4 |       ||     7
 Cast: Freeze            |    34 |    90 |    25 ||   149
       Throw Frost       |     6 |    20 |       ||    26
Evoke: Wand              |       |     2 |     4 ||     6
  Use: Scroll            |       |       |     1 ||     1
  Eat: Chunk             |     2 |    10 |     3 ||    15
       Ration            |       |     1 |       ||     1
Armor: Skin              |     7 |     8 |     1 ||    16
Dodge: Dodged            |    22 |    69 |    16 ||   107
